 Dungeon Crawl Stone Soup version 0.17-a0-1533-g2f57bce (webtiles) character file.

143 urechis the Cudgeler (level 5, -8/57 HPs)
             Began as an Ogre Gladiator on July 16, 2015.
             Mangled by Crazy Yiuf
             ... wielding a +2 quarterstaff of chaos
              (16 damage)
             ... on level 3 of the Dungeon.
             The game lasted 00:04:28 (2401 turns).

urechis the Cudgeler (Ogre Gladiator)               Turns: 2401, Time: 00:04:29

Health: -8/57      AC:  4    Str: 21    XL:     5   Next: 25%
Magic:  5/5        EV: 10    Int:  7    God:
Gold:   96         SH:  0    Dex: 10    Spells: 0 memorised, 4 levels left

rFire  . . .     SeeInvis .     a - +0 flail
rCold  . . .     Clarity  .     b - +0 robe
rNeg   . . .     SustAt   +     (no shield)
rPois  .         Gourm    .     c - +0 hat
rElec  .         Spirit   .     f - +0 cloak
rCorr  .         Warding  .     (gloves unavailable)
rMut   .         Stasis   .     (boots unavailable)
MR     .....                    (no amulet)
Stlth  +.........               (no ring)
                                k - ring of sustain attributes (curse)

@: drained, not resistant to hostile enchantments, very unstealthy
A: unfitting armour, tough skin 1
a: no special abilities


You were on level 3 of the Dungeon.
You were not hungry.

You visited 1 branch of the dungeon, and saw 3 of its levels.

You collected 96 gold pieces.

Inventory:

Hand weapons
 a - a +0 flail (weapon)
Missiles
 e - 3 throwing nets (quivered)
Armour
 b - a +0 robe (worn)
 c - a +0 hat (worn)
 f - a +0 cloak (worn)
Jewellery
 k - a cursed ring of sustain attributes (left hand)
Scrolls
 h - 6 scrolls of identify {unknown}
 j - a scroll of magic mapping {unknown}
 l - 2 scrolls of recharging {unknown}
 q - a scroll of enchant weapon {unknown}
 r - a scroll of fear {unknown}
Potions
 g - 2 potions of might {unknown}
 i - 2 potions of degeneration {unknown}
 n - 3 potions of curing {unknown}
 p - a potion of lignification {unknown}
 s - a potion of beneficial mutation {unknown}
 u - a potion of invisibility {unknown}
Comestibles
 d - 3 bread rations
 m - 2 beef jerkies
 o - 2 fruits
 t - a meat ration


   Skills:
 + Level 5.2(4.8) Fighting
 + Level 6.1(5.8) Maces & Flails
 - Level 2.1(1.8) Throwing
 - Level 2.6(2.3) Dodging


You had 4 spell levels left.
You didn't know any spells.

Dungeon Overview and Level Annotations

Branches:
Dungeon (3/15)

Altars:
Xom

Annotations:
D:3 Crazy Yiuf


Innate Abilities, Weirdness & Mutations

You are too large for most types of armour.
You have tough skin (AC +1).


Message History

Crazy Yiuf is heavily wounded.
Crazy Yiuf laughs, "Nubble arga ragdoll!"
Crazy Yiuf barely misses you.
You hit Crazy Yiuf.
Crazy Yiuf is severely wounded.
Crazy Yiuf closely misses you.
You hit Crazy Yiuf.
Crazy Yiuf is severely wounded.
Crazy Yiuf hits you with a quarterstaff of chaos!
You closely miss Crazy Yiuf.
Crazy Yiuf is severely wounded.
Crazy Yiuf hits you with a quarterstaff of chaos!
* * * LOW HITPOINT WARNING * * *
x2 You hit Crazy Yiuf.
Crazy Yiuf is severely wounded.
Crazy Yiuf grits, "Cards poople forty-two!"
Crazy Yiuf hits you with a quarterstaff of chaos.
* * * LOW HITPOINT WARNING * * *
You are electrocuted!
You die...

######......#
###...........#
#.............#
#....##########
#....# #...###♣♣♣♣♣
#...##..)♣)♣♣♣#####
#........)♣))♣#)))#
#........♣♣♣♣))@g.#
####.#..♣♣ ♣♣#)))#
####♣♣ #####


You could see Crazy Yiuf.

Vanquished Creatures
  Jessica (D:3)
  An adder (D:2)
  2 gnolls (D:2)
  3 worms (D:2)
  3 giant geckos (D:2)
  2 orcs (D:2)
  A ball python (D:2)
  8 bats
  6 giant cockroaches
  8 goblins
  8 hobgoblins
  5 jackals
  8 kobolds
  A quokka (D:2)
  6 giant newts
  6 rats
69 creatures vanquished.

Notes
Turn   | Place    | Note
--------------------------------------------------------------
     0 | D:1      | urechis the Ogre Gladiator began the quest for the Orb.
     0 | D:1      | Reached XP level 1. HP: 22/22 MP: 1/1
   113 | D:1      | Reached XP level 2. HP: 16/31 MP: 2/2
   594 | D:1      | Reached XP level 3. HP: 31/39 MP: 3/3
   967 | D:2      | Reached skill level 5 in Maces & Flails
  1233 | D:2      | Reached XP level 4. HP: 13/48 MP: 4/4
  2157 | D:2      | Found a shimmering altar of Xom.
  2269 | D:3      | Noticed Jessica
  2278 | D:3      | Killed Jessica
  2278 | D:3      | Reached skill level 5 in Fighting
  2278 | D:3      | Reached skill level 6 in Maces & Flails
  2278 | D:3      | Reached XP level 5. HP: 49/57 MP: 5/5
  2390 | D:3      | Noticed Crazy Yiuf
  2401 | D:3      | Mangled by Crazy Yiuf

Vault maps used:
D:1:      onia_arrival_pentagram, minmay_vboxes
D:2:      tgw_xom
D:3:      first_bread, uniq_crazy_yiuf_cottage, uniq_jessica

Action                   |  1- 3 |  4- 6 || total
-------------------------+-------+-------++-------
Melee: Flail             |   138 |    92 ||   230
       Club              |       |     7 ||     7
  Eat: Chunk             |     1 |     1 ||     2
       Bread ration      |       |     1 ||     1
